 Dungeon Crawl Stone Soup version 0.19-a0-1493-gd0fcaa6 (webtiles) character file.

388 JustSomeDude the Covered (level 6, -2/48 HPs)
             Began as a Demonspawn Fighter on Sept 9, 2016.
             Slain by a mummy (5 damage)
             ... in an ossuary.
             The game lasted 00:08:56 (2297 turns).

JustSomeDude the Covered (Demonspawn Fighter)       Turns: 2297, Time: 00:08:57

Health: -2/48      AC:  7    Str: 23    XL:     6   Next: 49%
Magic:  0/6        EV:  8    Int:  9    God:
Gold:   130        SH: 11    Dex: 13    Spells: 0 memorised, 5 levels left

rFire  + . .     SeeInvis .     a - +0 trident
rCold  + . .     Gourm    .     b - +0 scale mail
rNeg   . . .     Faith    .     c - +1 shield
rPois  +         Spirit   +     (no helmet)
rElec  +         Dismiss  .     (no cloak)
rCorr  +         Reflect  .     (no gloves)
MR     .....     Harm     .     (no boots)
Stlth  ..........               (no amulet)
                                (no ring)
                                (no ring)

@: mighty, resistant
A: magic shield, magic regeneration
a: no special abilities


You were in an ossuary.
You were not hungry.

You visited 1 branch of the dungeon, and saw 4 of its levels.
You also visited: Ossuary.

You collected 130 gold pieces.

Inventory:

Hand Weapons
 a - a +0 trident (weapon)
Armour
 b - a +0 scale mail (worn)
 c - a +1 shield (worn)
Jewellery
 j - a cursed -2 ring of protection
Scrolls
 e - 3 scrolls of identify
 o - a scroll of teleportation
Books
 q - a book of Geomancy

   Spells                             Type                      Level
   a - Sandblast                      Earth                        1
   b - Passwall                       Transmutation/Earth          2
   c - Stone Arrow                    Conjuration/Earth            3
   d - Petrify                        Transmutation/Earth          4
   e - Lee's Rapid Deconstruction     Earth                        5
Comestibles
 f - 2 bread rations
 l - 4 meat rations


   Skills:
 + Level 4.0 Fighting
 + Level 2.9 Polearms
 + Level 4.1 Armour
 + Level 1.9 Dodging
 + Level 4.1 Shields


You had 5 spell levels left.
You didn't know any spells.

Dungeon Overview and Level Annotations

Branches:
Dungeon (4/15)
 Temple: D:4-7

Altars:
Ru


Innate Abilities, Weirdness & Mutations

When hurt, damage is shared between your health and your magic reserves.
You regenerate magic rapidly.


Message History

It was a potion of resistance.
You feel protected. You block the mummy's attack. The mummy hits you!
* * * LOW HITPOINT WARNING * * *
You feel better.
You puncture the mummy!
The mummy is severely damaged.
You block the mummy's attack. The mummy completely misses you.
You hit the mummy.
The mummy is almost destroyed.
The mummy hits you!
* * * LOW HITPOINT WARNING * * *
The mummy barely misses you.
You barely miss the mummy.
The mummy is almost destroyed.
The mummy hits you but does no damage.
You puncture the mummy!
You destroy the mummy!
The mummy hits you.
You die...

#######
#.#.#@#
#....M#
##...##
#.∩.#
#...#
#.∩.#
#...#
##+##


You could see a mummy.

Vanquished Creatures
  4 elf skeletons (D:4)
  A human zombie (D:4)
  2 mummies (Ossuary)
  4 adders
  2 worms (D:2)
  A dart slug (D:3)
  2 giant geckos
  3 orcs (D:3)
  3 giant cockroaches (D:3)
  6 goblins
  7 hobgoblins
  3 jackals (D:3)
  7 kobolds
  A ball python (D:1)
  2 bats (D:3)
  3 giant newts
  An orc skeleton (D:4)
  7 rats
59 creatures vanquished.

Notes
Turn   | Place    | Note
-------+----------+-------------------------------------------
     0 | D:1      | JustSomeDude the Demonspawn Fighter began the quest for the Orb.
     0 | D:1      | Reached XP level 1. HP: 18/18 MP: 1/1
   291 | D:1      | You fall through a shaft!
   317 | D:2      | Gained mutation: When hurt, damage is shared between your health and your magic reserves. [demonic ancestry]
   317 | D:2      | Reached XP level 2. HP: 24/24 MP: 2/2
   658 | D:2      | Found a sacrificial altar of Ru.
  1072 | D:2      | Gained mutation: You regenerate magic rapidly. [demonic ancestry]
  1072 | D:2      | Reached XP level 3. HP: 26/29 MP: 3/3
  1475 | D:3      | Reached XP level 4. HP: 20/35 MP: 4/4
  2068 | D:4      | Reached skill level 1 in Dodging
  2068 | D:4      | Reached XP level 5. HP: 25/41 MP: 3/5
  2166 | D:4      | Reached XP level 6. HP: 18/48 MP: 4/6
  2219 | D:4      | Found a sand-covered staircase.
  2279 | Ossuary  | Entered an ossuary
  2297 | Ossuary  | Slain by a mummy

Vault maps used:
D:1:      sevenhm_arrival_forest_fort_small_4, minmay_tree_intersection,
          minmay_tetromino_i2
D:2:      hangedman_ru_absence
D:4:      first_bread, nicolae_ossuary_entry_catacombs, eino_tiny_chamber,
          elyvilon_altar_4
Ossuary:  ossuary_minmay_chase

Skill      XL: |  1  2  3  4  5  6 |
---------------+-------------------+-----
Shields        | 3 4 |  4.1
Polearms       | 2 |  2.9
Armour         | 3 4 |  4.1
Dodging        | 1 |  1.9
Fighting       | 4 |  4.0

Action                   |  1- 3 |  4- 6 || total
-------------------------+-------+-------++-------
Melee: Trident           |   124 |   195 ||   319
  Use: Scroll            |       |     5 ||     5
       Potion            |       |     5 ||     5
  Eat: Chunk             |     2 |     2 ||     4
       Beef jerky        |       |     1 ||     1
Armor: Scale mail        |    33 |    48 ||    81
Dodge: Dodged            |    31 |    42 ||    73
Block: Shield            |    43 |    77 ||   120
